 Dungeon Crawl Stone Soup version 0.31.0-4-g52a2dc7128 (webtiles) character file.

Game seed: 5091039635593146863

65 DemonSlayer the Digger (level 3, 0/36 HPs)
             Began as a Demonspawn Earth Elementalist on Jan 22, 2024.
             Succumbed to Ijyb's poison
             ... on level 2 of the Dungeon.
             The game lasted 00:03:13 (1495 turns).

DemonSlayer the Digger (DsEE)                       Turns: 1495, Time: 00:03:14

Health: 0/36       AC: 21    Str:  5 (8)  XL:     3   Next: 92%
Magic:  3/6        EV:  2    Int: 15 (17) God:
Gold:   62         SH:  0    Dex: 14 (15) Spells: 0/7 levels left

rFire   . . .        h - +1 short sword (vamp)
rCold   . . .        (no shield)
rNeg    . . .        a - melded +0 robe
rPois   +            (helmet currently unavailable)
rElec   .            (cloak currently unavailable)
rCorr   .            (gloves currently unavailable)
SInv    .            (boots currently unavailable)
Will    +....        (no amulet)
Stlth   ++           (no ring)
HPRegen 0.26/turn    (no ring)
MPRegen 0.10/turn

%: random rage (3%)
@: lethally poisoned (0 -> -5), tree-form, attractive
A: stationary, stasis, torment immunity, boosted hp, (claws 1), big brain 1,
berserk 1, strong-willed 1
a: no special abilities


You were on level 2 of the Dungeon.
You were a tree.
You visited 1 branch of the dungeon, and saw 3 of its levels.

You collected 62 gold pieces.

Inventory:

Hand Weapons
 h - a +1 vampiric short sword (weapon)
Missiles
 n - 2 throwing nets
Armour
 a - a +0 robe (melded)
Jewellery
 i - a ring of poison resistance
Scrolls
 b - a scroll of brand weapon {unknown}
 c - a scroll of noise {unknown}
 d - a scroll of blinking {unknown}
 e - 2 scrolls of amnesia {unknown}
 j - a scroll of torment {unknown}
 l - a scroll of revelation {unknown}
 m - a scroll of silence {unknown}
Potions
 g - a potion of mutation


   Skills:
 + Level 0.1 Short Blades
 + Level 2.0 Dodging
 + Level 2.6 Stealth
 + Level 2.5 Spellcasting
 + Level 1.0 Conjurations
 + Level 3.4 Earth Magic


You couldn't memorise any spells.
You knew the following spells:

 Your Spells              Type           Power      Damage    Failure   Level
a - Sandblast             Erth           24%        2d8       4%          1
b - Stone Arrow           Conj/Erth      16%        3d8       26%         3
c - Swiftness             Air            1%         N/A       54%         3

Your spell library contained the following spells:

 Spells                   Type           Power      Damage    Failure   Level
 Passwall                 Erth           12%        N/A       16%         3
 Shock                    Conj/Air       12%        1d3       17%         1
 Sting                    Conj/Alch      12%        1d3       17%         1
 Apportation              Tloc           2%         N/A       22%         1
 Necrotise                Necr           4%         1d4       22%         1
 Summon Small Mammal      Summ           4%         N/A       22%         1
 Sublimation of Blood     Necr           1%         N/A       32%         2
 Summon Ice Beast         Ice/Summ       1%         N/A       54%         3
 Brom's Barrelling Bould  Conj/Erth      8%         2d3       63%         4
 Petrify                  Alch/Erth      7%         N/A       71%         4
 Airstrike                Air            0%         2d(1-17)  91%         4
 Irradiate                Conj/Alch      1%         3d12      99%         5
 Summon Mana Viper        Hex/Summ       1%         N/A       99%         5
 Monstrous Menagerie      Summ           0%         N/A       100%        7


Dungeon Overview and Level Annotations

Branches:
Dungeon (3/15)

Altars:

Annotations:
D:2 Ijyb


Innate Abilities, Weirdness & Mutations

You are a tree.
Your roots penetrate the ground, keeping you stationary.
You cannot be teleported.
You are immune to unholy pain and torment.
Your maximum health is greatly increased.
Your equipment is partially melded.
((You have sharp fingernails.))
You have an unusually large brain. (Int +2)
You sometimes lose your temper in combat.
You are strong-willed. (Will+)


Message History

Ijyb is moderately wounded.
You feel sick. Ijyb hits you but does no damage.
Your magical contamination has completely faded away.
You hit Ijyb but do no damage.
Ijyb is moderately wounded.
You feel sick.
Ijyb hits you with a +2 dagger of venom.
* * * LOW HITPOINT WARNING * * *
You hit Ijyb but do no damage.
Ijyb is moderately wounded.
You feel sick.
You closely miss Ijyb.
Ijyb is moderately wounded.
You feel sick.
Ijyb hits you with a +2 dagger of venom.
* * * LOW HITPOINT WARNING * * *
It was a potion of mutation.
You feel extremely strange.
You feel a little pissed off.
You feel strong-willed.
You feel sick.
You are no longer poisoned.
Ijyb hits you but does no damage.
Casting: Sandblast (safe; 4% risk of failure)
Confirm with . or Enter, or press ? or * to list all spells.
Aiming: Sandblast (safe; 4% risk of failure)
Press: ? - help, Shift-Dir - straight line, f/p - Ijyb
Aim: Ijyb, wielding a +2 dagger of venom, wearing a +0 leather armour and carrying a wand of polymorph (moderately wounded, 77% to hit)
The blast of sand hits Ijyb but does no damage.
Ijyb is moderately wounded.
Ijyb hits you but does no damage. x2
You are lethally poisoned!
Unknown command.
Unknown command.
It was a potion of degeneration.
There was something very wrong with that liquid.
You feel weakened.
You feel dopey.
You feel clumsy.
* * * LOW HITPOINT WARNING * * *
You feel sick. Ijyb hits you but does no damage.
It was a potion of attraction.
You feel attractive to monsters.
You die...

#...#............................
#...#.....####.........#########.
#.........# #.........#########.
#.........####.........##......#.
#......#...............##......#.
#.....##...............#.......#.
#.....'........................#.
#.....##.......g..###............
......#.........♣................
#.....#.......<..##...##.........
#.....#...............##...<.....
#.................[..............
##...............................
.'...............................
##..........)....###.............
#.....#...##....# #.............
###...#.........# #.............


You could see Ijyb.

Vanquished Creatures
  3 adders (D:2)
  A dart slug (D:1)
  5 bats
  2 endoplasms
  A giant cockroach (D:2)
  4 goblins
  A hobgoblin (D:2)
  4 jackals (D:1)
  2 quokkas (D:1)
  3 ball pythons
  A frilled lizard (D:1)
  6 kobolds
  A rat (D:1)
34 creatures vanquished.

Notes
Turn   | Place    | Note
-------+----------+-------------------------------------------
     0 | D:1      | DemonSlayer the Demonspawn Earth Elementalist began the
                  | quest for the Orb.
     0 | D:1      | Reached XP level 1. HP: 13/13 MP: 3/3
   196 | D:1      | Reached skill level 3 in Earth Magic
   196 | D:1      | Gained mutation: You have an unusually large brain. (Int
                  | +2) [demonic ancestry]
   196 | D:1      | Reached XP level 2. HP: 19/19 MP: 5/5
   788 | D:2      | Gained mutation: You have sharp fingernails. [demonic
                  | ancestry]
   788 | D:2      | Reached XP level 3. HP: 24/24 MP: 3/6
  1451 | D:2      | Learned a level 3 spell: Stone Arrow
  1455 | D:2      | Learned a level 3 spell: Swiftness
  1481 | D:3      | Noticed Ijyb
  1492 | D:2      | Gained mutation: You sometimes lose your temper in combat.
                  | [potion of mutation]
  1492 | D:2      | Gained mutation: You are strong-willed. (Will+) [potion of
                  | mutation]
  1494 | D:2      | HP: 1/36 [poisoned by Ijyb]
  1495 | D:2      | Succumbed to Ijyb's poison

Illustrated notes

Levels and vault maps discovered:
D:1:      minmay_arrival_up_and_down, layout_rooms
D:2:      layout_basic
D:3:      layout_basic, nicolae_overflow_quartered_altars,
          dreamdust_ecumenical_altar_grove,
          wander_ebering_terrifying_dragon_lair, uniq_ijyb

Skill      XL: |  1  2  3 |
---------------+----------+-----
Stealth        | 2 |  2.6
Earth Magic    | 3 |  3.4
Dodging        | 2 |  2.0
Short Blades   | |  0.1
Spellcasting   | |  2.5
Conjurations   | |  1.0

Action                     || total
---------------------------++-------
  Melee: Dagger            ||     1
         Unarmed           ||     1
         Short sword       ||    31
         Punch             ||     1
   Cast: Sandblast         ||    44
    Use: Potion            ||     4
   Stab: Sleeping          ||     4
 Armour: Robe              ||    44
         Skin              ||     7
  Dodge: Dodged            ||    35
